[Event "ICC tourney 1934 (60 10)"]
[Site "Internet Chess Club"]
[Date "2020.07.26"]
[Round "7"]
[White "msk2018"]
[Black "clair"]
[Result "0-1"]
[ICCResult "White checkmated"]
[WhiteElo "1393"]
[BlackElo "1502"]
[Opening "Modern defense"]
[ECO "A40"]
[NIC "QO.17"]
[Time "17:01:06"]
[TimeControl "3600+10"]

1. d4 g6 2. Bf4 d6 3. e3 Bg7 4. Nf3 c5 5. c3 Nd7 6. Bd3 Ngf6 7. h3 O-O 8.
O-O cxd4 9. exd4 e5 10. dxe5 dxe5 11. Bxe5 Nxe5 12. Nxe5 Qc7 13. Re1 Nh5 14.
Nf3 Rd8 15. Qc2 Nf4 16. Bb5 Bf5 17. Qb3 Be6 18. Qc2 a6 19. Be2 Bf5 20. Qb3
Be6 21. Qc2 b5 22. a3 Bf5 23. Qb3 Qc6 24. Bf1 Nxh3+ 25. gxh3 Qxf3 26. Bg2
Qf4 27. Bxa8 Bf8 28. c4 Rd3 29. Nc3 Rxh3 30. Bg2 Qh2+ 31. Kf1 Bd3+ 32. Ne2
Bxe2+ 33. Kxe2 Rxb3 34. cxb5 Qxg2 35. bxa6 Rxb2+ 36. Kd1 Qxf2 37. Rc1 Qd2#
{White checkmated}
0-1

[Event "ICC tourney 1934 (60 10)"]
[Site "Internet Chess Club"]
[Date "2020.07.26"]
[Round "7"]
[White "rcww2020"]
[Black "Priccchess"]
[Result "0-1"]
[ICCResult "White resigns"]
[WhiteElo "1435"]
[BlackElo "1625"]
[Opening "Danish gambit"]
[ECO "C21"]
[NIC "KP.04"]
[Time "17:00:59"]
[TimeControl "3600+10"]

1. e4 e5 2. d4 exd4 3. c3 d6 4. cxd4 Nf6 5. Nc3 Be7 6. Nf3 Nc6 7. Bc4 O-O 8.
h3 a6 9. O-O h6 10. Bf4 b5 11. Bb3 b4 12. Ne2 Bb7 13. Ng3 a5 14. Qc2 d5 15.
e5 Nh7 16. Qd2 a4 17. Bc2 Ng5 18. Nh2 Ne6 19. Bxh6 Ncxd4 20. Be3 Nxc2 21.
Qxc2 d4 22. Rad1 Qd5 23. Nf3 c5 24. Nf5 Rfe8 25. Nxe7+ Rxe7 26. Bc1 Qxa2 27.
Nh4 Qd5 28. Qf5 Qe4 29. Qh5 Nf4 30. Bxf4 Qxf4 31. Rfe1 g6 32. g3 Qxg3+ 33.
fxg3 gxh5 34. Rc1 Ra5 35. Nf5 Re6 36. Nd6 Bd5 37. Nb7 Bxb7 38. Rc2 Ba6 39.
Rf2 Rg6 40. Kh2 Bc4 41. Re4 Bd5 42. Rh4 a3 43. bxa3 Rxa3 44. Rxh5 Raxg3 45.
Rhf5 Rg2+ {White resigns} 0-1

[Event "ICC tourney 1934 (60 10)"]
[Site "Internet Chess Club"]
[Date "2020.07.26"]
[Round "7"]
[White "keb2020"]
[Black "Knightboy123"]
[Result "0-1"]
[ICCResult "White checkmated"]
[WhiteElo "1465"]
[BlackElo "1415"]
[Opening "Van't Kruijs opening"]
[ECO "A00"]
[Time "17:00:58"]
[TimeControl "3600+10"]

1. e3 d5 2. Nf3 Bf5 3. d4 e6 4. c4 c6 5. Nc3 Nd7 6. cxd5 cxd5 7. Bb5 Nf6 8.
O-O Be7 9. h3 O-O 10. Nh4 Bg6 11. Nxg6 hxg6 12. f4 a6 13. Bd3 Rc8 14. Qf3
Bb4 15. Bd2 Nb6 16. a3 Bxc3 17. Bxc3 Na4 18. Bb4 Re8 19. b3 Nc3 20. Rfc1
Nfe4 21. Rc2 a5 22. Bxc3 Rxc3 23. Bxe4 dxe4 24. Qxe4 Rxb3 25. Rac1 Qb6 26.
Rc8 Rxc8 27. Rxc8+ Kh7 28. f5 gxf5 29. Qh4+ Kg6 30. Qg3+ Kh7 31. Qh4+ Kg6
32. Rh8 Rb1+ 33. Kf2 Qb2+ 34. Kg3 Qe2 35. Kh2 Qxe3 36. Qh7+ Kf6 37. Qh4+ Qg5
38. Qf2 Rb3 39. h4 Qe3 40. Qxe3 Rxe3 41. Rb8 Rb3 42. g3 b5 43. Kh3 b4 44.
axb4 axb4 45. Kg2 Rb1 46. Kf2 b3 47. Ke2 b2 48. Kd2 Rg1 49. Rxb2 Rg2+ 50.
Kc3 Rxb2 51. Kxb2 Kg6 52. Kc3 Kh5 53. Kd3 Kg4 54. d5 exd5 55. Kd4 Kxg3 56.
Kxd5 f4 57. Ke5 f3 58. h5 f2 59. h6 gxh6 60. Kf6 f1=Q+ 61. Kg7 h5 62. Kg8 h4
63. Kg7 h3 64. Kg8 h2 65. Kf8 h1=Q 66. Kg8 f5 67. Kf7 f4 68. Kg6 f3 69. Kf7
f2 70. Kg6 Qfg1 71. Kf7 f1=Q+ 72. Kg7 Kh2+ 73. Kh7 Qf7+ 74. Kh8 Kg3#
{White checkmated}
0-1

[Event "ICC tourney 1934 (60 10)"]
[Site "Internet Chess Club"]
[Date "2020.07.26"]
[Round "7"]
[White "rpughiii"]
[Black "JunlinTheWorld"]
[Result "0-1"]
[ICCResult "White resigns"]
[WhiteElo "1319"]
[BlackElo "1637"]
[Opening "Queen's bishop game"]
[ECO "D02"]
[NIC "QP.06"]
[Time "17:01:42"]
[TimeControl "3600+10"]

1. d4 Nf6 2. Nf3 d5 3. Bf4 Bf5 4. e3 e6 5. c4 Be7 6. Nc3 O-O 7. Be2 dxc4 8.
Bxc4 Nbd7 9. O-O c5 10. Qe2 a6 11. Rfd1 b5 12. Bd3 Bxd3 13. Rxd3 c4 14. Rd2
Nb6 15. a3 Nfd5 16. Bg3 b4 17. Nxd5 exd5 18. Ne5 Qc8 19. Rc2 f6 20. Nf3 a5
21. e4 Qe6 22. exd5 Qxe2 23. Rxe2 Nxd5 24. Rc2 Rfc8 25. Kf1 b3 26. Rcc1 c3
{White resigns}
0-1

[Event "ICC tourney 1934 (60 10)"]
[Site "Internet Chess Club"]
[Date "2020.07.26"]
[Round "7"]
[White "Aqualime"]
[Black "SavageKey-456"]
[Result "1-0"]
[ICCResult "Black resigns"]
[WhiteElo "1398"]
[BlackElo "1332"]
[Opening "Queen's pawn: Charlick (Englund) gambit"]
[ECO "A40"]
[NIC "QO.17"]
[Time "17:01:42"]
[TimeControl "3600+10"]

1. d4 e5 2. dxe5 Nc6 3. Nf3 f6 4. exf6 Nxf6 5. Nc3 Bc5 6. Bg5 b5 7. e3 a6 8.
Be2 Ne7 9. Bxf6 gxf6 10. Nd5 Ng6 11. O-O c6 12. Nc3 Qc7 13. Ne4 Be7 14. c4
Bb7 15. c5 f5 16. Ng3 O-O-O 17. b4 Rdf8 18. a4 h5 19. Qc2 f4 20. Qxg6 Rfg8
21. Nf5 Rxg6 22. Nxe7+ Kb8 23. Nxg6 Rh6 24. Nxf4 Qc8 25. Rfd1 h4 26. Ne5 Qh8
27. Nxd7+ Ka7 28. h3 Rh7 29. Nb6 Rf7 30. Bf3 bxa4 31. Nxa4 Bc8 32. Bxc6 Qg8
{Black resigns}
1-0

[Event "ICC tourney 1934 (60 10)"]
[Site "Internet Chess Club"]
[Date "2020.07.26"]
[Round "7"]
[White "gmcarebear999"]
[Black "lmperfectFocus"]
[Result "0-1"]
[ICCResult "White checkmated"]
[WhiteElo "1378"]
[BlackElo "1527"]
[Opening "QGD: Tarrasch defense"]
[ECO "D32"]
[NIC "TD.11"]
[Time "17:01:07"]
[TimeControl "3600+10"]

1. d4 d5 2. c4 e6 3. Nf3 c5 4. cxd5 exd5 5. Nc3 Nc6 6. dxc5 d4 7. Ne4 Qd5 8.
Qc2 Bf5 9. Nfd2 Bxc5 10. Qxc5 Bxe4 11. Nxe4 Qxe4 12. Bd2 Nge7 13. e3 O-O 14.
f3 Qh4+ 15. g3 Qf6 16. Bg2 dxe3 17. Bxe3 Qxb2 18. O-O b6 19. Qh5 Qc3 20.
Rfe1 Rad8 21. Rac1 Qd3 22. f4 Nb4 23. Rcd1 Qc3 24. Rc1 Qf6 25. Be4 g6 26.
Qb5 Nxa2 27. Ra1 Nc3 28. Qb4 a5 29. Qc4 b5 30. Qc7 Nxe4 31. Bb6 Nd5 32. Qc2
Qxb6+ 33. Kh1 Nf2+ 34. Kg2 Ne3+ 35. Rxe3 Qxe3 36. Rxa5 Rd2 37. Qxd2 Qxd2 38.
Rxb5 Nd3+ 39. Kh3 Nxf4+ 40. gxf4 Qd3+ 41. Kg4 Qxb5 42. h4 Qh5+ 43. Kg3 Re8
44. f5 Re3+ 45. Kh2 Qg4 46. f6 Rh3# {White checkmated} 0-1

[Event "ICC tourney 1934 (60 10)"]
[Site "Internet Chess Club"]
[Date "2020.07.26"]
[Round "7"]
[White "hursha6b5"]
[Black "Eagle2020"]
[Result "1-0"]
[ICCResult "Black checkmated"]
[WhiteElo "1412"]
[BlackElo "1475"]
[Opening "French: Tarrasch, closed variation, main line"]
[ECO "C06"]
[NIC "FR.17"]
[Time "17:01:04"]
[TimeControl "3600+10"]

1. e4 e6 2. d4 d5 3. Nd2 Nf6 4. e5 Nfd7 5. Bd3 c5 6. c3 Nc6 7. Ne2 cxd4 8.
cxd4 g6 9. Nf3 Bg7 10. O-O O-O 11. a3 f6 12. exf6 Nxf6 13. Bf4 Nh5 14. Bg5
Qb6 15. Qc2 Nxd4 16. Nexd4 Bxd4 17. Nxd4 Qxd4 18. Rad1 Qg7 19. Qd2 Qf7 20.
Bh6 Re8 21. Rc1 e5 22. Rc5 Be6 23. Rfc1 Rec8 24. Qg5 Rxc5 25. Rxc5 Qf6 26.
Qc1 Qd8 27. g4 Bxg4 28. Rxd5 Qe7 29. Qe3 Ng7 30. Rxe5 Qf6 31. Re7 Qxb2 32.
Bc4+ Kf8 33. Rf7+ Kg8 34. Rxb7+ Kh8 35. Rxb2 Nf5 36. Qe5+ Ng7 37. Bxg7#
{Black checkmated}
1-0

[Event "ICC tourney 1934 (60 10)"]
[Site "Internet Chess Club"]
[Date "2020.07.26"]
[Round "7"]
[White "IndianTerritory"]
[Black "happyscientist"]
[Result "1-0"]
[ICCResult "Black checkmated"]
[WhiteElo "1727"]
[BlackElo "1628"]
[Opening "Giuoco Pianissimo"]
[ECO "C50"]
[NIC "IG.02"]
[Time "17:00:50"]
[TimeControl "3600+10"]

1. e4 e5 2. Nf3 Nc6 3. Bc4 Bc5 4. d3 Nf6 5. c3 d6 6. Nbd2 O-O 7. Nb3 Bb6 8.
O-O Be6 9. Bxe6 fxe6 10. Bg5 d5 11. a4 a6 12. a5 Ba7 13. Nbd2 Qd7 14. c4
dxe4 15. dxe4 Qd3 16. Ra3 Qd6 17. Qb3 h6 18. Bxf6 gxf6 19. Qc2 Rad8 20. Rc3
Nxa5 21. c5 Qe7 22. Rb1 Nc6 23. b4 Nd4 24. Nxd4 exd4 25. Rd3 c6 26. Nf3 Bb8
27. Rbd1 Be5 28. Qd2 Qh7 29. g3 Qxe4 30. Re1 Qh7 31. Nxe5 fxe5 32. Rxe5 Rf5
33. Rxf5 Qxf5 34. Rxd4 Rxd4 35. Qxd4 e5 36. Qh4 Kg7 37. h3 Kg6 38. Qc4 Kf6
39. Kg2 e4 40. Qd4+ Kg6 41. Qd6+ Kg5 42. Qd8+ Kg6 43. Qg8+ Kf6 44. Qf8+ Ke5
45. Qd6# {Black checkmated} 1-0

[Event "ICC tourney 1934 (60 10)"]
[Site "Internet Chess Club"]
[Date "2020.07.26"]
[Round "7"]
[White "saanvichess"]
[Black "HAPPYKING99"]
[Result "1-0"]
[ICCResult "Black resigns"]
[WhiteElo "1321"]
[BlackElo "1255"]
[Opening "Sicilian: Kan, 5.Nc3"]
[ECO "B43"]
[NIC "SI.41"]
[Time "17:00:47"]
[TimeControl "3600+10"]

1. e4 c5 2. Nf3 e6 3. d4 cxd4 4. Nxd4 a6 5. Nc3 Qc7 6. Bd3 Nf6 7. O-O b5 8.
Re1 d6 9. a4 b4 10. Nce2 Bb7 11. Ng3 Nbd7 12. Be3 Nc5 13. Qf3 Be7 14. Bd2
Nxd3 15. cxd3 Qb6 16. Nge2 O-O 17. a5 Qc7 18. Rec1 Qd7 19. Bxb4 g6 20. Qg3
Nh5 21. Qe3 Nf6 22. Bd2 Rab8 23. h3 e5 24. Nf3 Ne8 25. d4 f5 26. dxe5 Bxe4
27. Bc3 Bxf3 28. Qxf3 dxe5 29. Bxe5 Bd6 30. Rd1 Qe7 31. Qd5+ Rf7 32. Bxd6
Nxd6 33. Qxd6 Qxd6 34. Rxd6 Rxb2 35. Ng3 Ra7 36. Rb6 Rxb6 37. axb6 Ra8 38.
Ne2 a5 39. Nc3 Ra6 40. Nd5 {Black resigns} 1-0

[Event "ICC tourney 1934 (60 10)"]
[Site "Internet Chess Club"]
[Date "2020.07.26"]
[Round "7"]
[White "importantheart"]
[Black "mancogu"]
[Result "1-0"]
[ICCResult "Black resigns"]
[WhiteElo "1401"]
[BlackElo "1287"]
[Opening "Sicilian"]
[ECO "B50"]
[NIC "SI.01"]
[Time "17:00:56"]
[TimeControl "3600+10"]

1. e4 c5 2. Nf3 d6 3. c3 Nf6 4. Be2 Nc6 5. d4 cxd4 6. cxd4 Nxe4 7. d5 Qa5+
8. Nc3 Nxc3 9. bxc3 Ne5 10. O-O g6 11. Nxe5 dxe5 12. Qb3 a6 13. Be3 Qc7 14.
Bb6 Qd6 15. Rfd1 Bg7 16. c4 O-O 17. c5 Qf6 18. d6 Bd7 19. Bf3 exd6 20. cxd6
Rae8 21. Bxb7 e4 22. Rac1 Re6 23. Bc7 Rfe8 24. Bc6 Bxc6 25. Rxc6 Ra8 26. Qb7
Rf8 27. Rxa6 Bh6 28. Ra8 Bf4 29. Rxf8+ Kxf8 30. d7 Bxc7 31. Qxc7 Rc6 32.
d8=Q+ {Black resigns} 1-0

[Event "ICC tourney 1934 (60 10)"]
[Site "Internet Chess Club"]
[Date "2020.07.26"]
[Round "7"]
[White "skywise"]
[Black "DankMemer"]
[Result "1-0"]
[ICCResult "Black checkmated"]
[WhiteElo "1588"]
[BlackElo "1565"]
[Opening "QGD: Ragozin variation"]
[ECO "D38"]
[NIC "NI.27"]
[Time "17:01:19"]
[TimeControl "3600+10"]

1. d4 e6 2. c4 d5 3. Nf3 Nf6 4. Nc3 Bb4 5. Bg5 h6 6. Bh4 Nc6 7. e3 O-O 8. a3
Be7 9. Rc1 Ne4 10. Bxe7 Nxe7 11. cxd5 exd5 12. Bd3 f5 13. O-O c6 14. Ne5 Qb6
15. Qc2 Be6 16. Na4 Qd8 17. Nc5 Nxc5 18. Qxc5 f4 19. b4 fxe3 20. fxe3 Nf5
21. Bxf5 Bxf5 22. b5 cxb5 23. Qxb5 Be4 24. Rxf8+ Qxf8 25. Qxb7 Kh7 26. Rf1
Qd8 27. Nf7 Qe8 28. Nd6 Rb8 29. Qf7 Rb2 30. Qxe8 Rxg2+ 31. Kh1 Rg3+ 32.
Qxe4+ dxe4 33. hxg3 Kg6 34. Nxe4 h5 35. d5 Kh6 36. d6 g5 37. d7 h4 38. g4 a6
39. Rf6+ Kh7 40. d8=Q Kg7 41. Qe7+ Kg8 42. Rf8# {Black checkmated} 1-0

[Event "ICC tourney 1934 (60 10)"]
[Site "Internet Chess Club"]
[Date "2020.07.26"]
[Round "7"]
[White "chessKingT"]
[Black "goodcrowdchess"]
[Result "1-0"]
[ICCResult "Black checkmated"]
[WhiteElo "1419"]
[BlackElo "1372"]
[Opening "Ruy Lopez: closed, Chigorin defense"]
[ECO "C97"]
[NIC "RL.23"]
[Time "17:01:00"]
[TimeControl "3600+10"]

1. e4 e5 2. Nf3 Nc6 3. Bb5 a6 4. Ba4 Nf6 5. O-O Be7 6. Re1 b5 7. Bb3 d6 8.
c3 O-O 9. h3 Na5 10. Bc2 c5 11. d4 Qc7 12. Be3 cxd4 13. cxd4 Nc4 14. Bc1 Bd7
15. b3 Nb6 16. Bb2 Rfc8 17. Bd3 Ne8 18. dxe5 dxe5 19. Bxe5 Bd6 20. Bd4 Qb7
21. Nbd2 Nc7 22. Qe2 Ne6 23. Bb2 Be8 24. Nd4 Be5 25. N2f3 Nxd4 26. Bxd4 Bxd4
27. Nxd4 Nd7 28. Nf5 Ne5 29. Nd6 Qd7 30. Nxc8 Qxd3 31. Qxd3 Nxd3 32. Red1
Nc5 33. Nd6 Kf8 34. Nxe8 Kxe8 35. Rac1 Ne6 36. Rc6 a5 37. Rdd6 Ke7 38. Ra6
Rc8 39. Rdc6 Rd8 40. Rc1 Nd4 41. Rc7+ Kf8 42. Raa7 Kg8 43. Rxf7 Ne6 44. Rfe7
Rd1+ 45. Kh2 Nf4 46. Re8# {Black checkmated} 1-0

[Event "ICC tourney 1934 (60 10)"]
[Site "Internet Chess Club"]
[Date "2020.07.26"]
[Round "7"]
[White "prnavneet"]
[Black "whyyoutrysohard"]
[Result "1-0"]
[ICCResult "Black resigns"]
[WhiteElo "1444"]
[BlackElo "1333"]
[Opening "Réti opening"]
[ECO "A05"]
[NIC "QP.11"]
[Time "17:01:42"]
[TimeControl "3600+10"]

1. Nf3 Nf6 2. b3 g6 3. Bb2 Bg7 4. g3 O-O 5. Bg2 d5 6. O-O c5 7. c4 d4 8. b4
Qc7 9. bxc5 e5 10. d3 Re8 11. Nbd2 Qxc5 12. Nb3 Qc7 13. Rc1 Nc6 14. Qd2 Bf5
15. Nh4 Bd7 16. Nf3 Rad8 17. h3 Bc8 18. c5 Nh5 19. Rc2 f5 20. Nh2 Be6 21.
Bc1 Bxb3 22. axb3 e4 23. g4 Be5 24. gxh5 Bxh2+ 25. Kh1 e3 26. fxe3 dxe3 27.
Qc3 Bg3 28. hxg6 hxg6 29. Qf6 Qg7 30. Qxg7+ Kxg7 31. Bxc6 bxc6 32. Kg2 f4
33. Kf3 g5 34. Kg4 Kg6 35. Rc4 Rh8 36. Rh1 Rh4+ 37. Kf3 g4+ 38. Kg2 Rdh8 39.
Bb2 gxh3+ 40. Kf3 Rg8 41. Re4 Kf7 42. Be5 Rgg4 43. Bd6 h2 44. Be7 Bf2 45.
Bxh4 Rxh4 46. Rxf4+ Rxf4+ 47. Kxf4 Bg1 48. Kf5 Ke7 49. d4 Kd7 50. Kf6 a6 51.
Kf7 {Black resigns} 1-0

[Event "ICC tourney 1934 (60 10)"]
[Site "Internet Chess Club"]
[Date "2020.07.26"]
[Round "7"]
[White "SparkyNinja"]
[Black "mydogeatschess"]
[Result "0-1"]
[ICCResult "White checkmated"]
[WhiteElo "1527"]
[BlackElo "1514"]
[Opening "Ruy Lopez: 5.O-O"]
[ECO "C78"]
[NIC "RL.12"]
[Time "17:01:05"]
[TimeControl "3600+10"]

1. e4 e5 2. Nf3 Nc6 3. Bb5 a6 4. Ba4 Nf6 5. O-O b5 6. Bb3 Nxe4 7. Re1 d5 8.
Nxe5 Nxe5 9. d3 Bb7 10. dxe4 dxe4 11. Qh5 Qf6 12. Nc3 Bc5 13. Be3 Bxe3 14.
Rxe3 g6 15. Qe2 O-O-O 16. Nxe4 Qc6 17. f3 f6 18. Rc3 Qb6+ 19. Kh1 Rhe8 20.
a4 Nxf3 21. Qxf3 Rxe4 22. a5 Qd6 23. Rd3 Rd4 24. Rxd4 Qxd4 25. Be6+ Kb8 26.
Qf1 f5 27. c3 Qd2 28. c4 Qxb2 29. cxb5 Bxg2+ 30. Kg1 Bxf1 31. Rxf1 Qxb5 32.
Ba2 Qxa5 33. Bb3 Qb6+ 34. Kh1 Qxb3 35. Kg1 Rd2 36. Kh1 Qd5+ 37. Rf3 Qxf3+
38. Kg1 Qd1# {White checkmated} 0-1

[Event "ICC tourney 1934 (60 10)"]
[Site "Internet Chess Club"]
[Date "2020.07.26"]
[Round "7"]
[White "PatrickChen"]
[Black "rkanury1"]
[Result "0-1"]
[ICCResult "White resigns"]
[WhiteElo "1515"]
[BlackElo "1323"]
[Opening "QGD: exchange, positional line"]
[ECO "D35"]
[NIC "QO.16"]
[Time "17:00:52"]
[TimeControl "3600+10"]

1. d4 d5 2. c4 e6 3. Nc3 Nf6 4. cxd5 exd5 5. Bg5 Be7 6. Qc2 O-O 7. e3 c6 8.
Nf3 Nbd7 9. Bd3 Re8 10. O-O Nf8 11. h3 Ng6 12. Rab1 Be6 13. b4 a6 14. a4 Qd7
15. Kh2 Bd6+ 16. Ne5 Bxe5+ 17. dxe5 Nxe5 18. Ne2 Nxd3 19. Qxd3 Bf5 20. Qd4
Bxb1 21. Bxf6 Qd6+ 22. Nf4 Qxf6 23. Qxf6 gxf6 24. Rxb1 Rad8 25. Rd1 Re4 26.
Nd3 b6 27. Kg3 Rc4 28. Kf3 Rc2 29. Ra1 Re8 30. a5 Rb8 31. axb6 Rxb6 32. Ra4
Rc4 33. Ke2 Kf8 34. Kd2 Ke7 35. f3 c5 36. Nxc5 Rcxb4 37. Rxb4 Rxb4 38. Nxa6
Rb2+ 39. Ke1 Rxg2 40. Nc7 Kd6 41. Nb5+ Kc5 42. Nd4 Rh2 43. h4 Rxh4 44. Nf5
Rh2 45. Ng3 h5 46. Nf1 Ra2 {White resigns} 0-1

[Event "ICC tourney 1934 (60 10)"]
[Site "Internet Chess Club"]
[Date "2020.07.26"]
[Round "7"]
[White "Zues9393"]
[Black "Singireddy"]
[Result "0-1"]
[ICCResult "White checkmated"]
[WhiteElo "1672"]
[BlackElo "1797"]
[Opening "Evans gambit"]
[ECO "C52"]
[NIC "IG.05"]
[Time "17:00:57"]
[TimeControl "3600+10"]

1. e4 e5 2. Nf3 Nc6 3. Bc4 Bc5 4. b4 Bxb4 5. c3 Ba5 6. d4 d6 7. O-O Nf6 8.
Qa4 Nd7 9. d5 Nb6 10. Qb3 Ne7 11. Bd3 Nd7 12. Bg5 O-O 13. Bb5 Nc5 14. Qc2 h6
15. Bh4 f5 16. exf5 Bxf5 17. Qd2 Ne4 18. Qe3 Bb6 19. Qe2 g5 20. Bg3 Nxd5 21.
Bc4 Nf6 22. Qd2 Be6 23. h4 g4 24. Qxh6 gxf3 25. Qg6+ Kh8 26. Qh6+ Nh7 27.
Qxe6 Nf4 28. Bxf4 Rxf4 29. g3 Rxh4 30. gxh4 Qxh4 31. Qg6 Qxc4 32. Nd2 Qf4
33. Qh5 Qg3+ 34. Kh1 Qg2# {White checkmated} 0-1

[Event "ICC tourney 1934 (60 10)"]
[Site "Internet Chess Club"]
[Date "2020.07.26"]
[Round "7"]
[White "yogokings12"]
[Black "chessKingR"]
[Result "1/2-1/2"]
[ICCResult "Game drawn by mutual agreement"]
[WhiteElo "1516"]
[BlackElo "1435"]
[Opening "Sicilian: Nimzovich-Rossolimo attack (without ...d6)"]
[ECO "B30"]
[NIC "SI.31"]
[Time "17:01:05"]
[TimeControl "3600+10"]

1. e4 c5 2. Nf3 Nc6 3. Bb5 d6 4. O-O Bd7 5. Re1 a6 6. Bxc6 Bxc6 7. d4 g6 8.
Nc3 Bg7 9. Be3 b6 10. Qd2 Qc7 11. Rad1 Rd8 12. Qe2 Bb7 13. d5 Nf6 14. Bf4
Nd7 15. Qe3 O-O 16. Bh6 b5 17. Bxg7 Kxg7 18. Ne2 b4 19. Ng3 a5 20. Qg5 f6
21. Qg4 Ne5 22. Nxe5 fxe5 23. Nf5+ Kh8 24. Nh4 Kg7 25. Re3 Rf6 26. Rg3 Bc8
27. Qg5 Rdf8 28. Rdd3 Bd7 29. Rdf3 Qc8 30. Nf5+ Bxf5 31. exf5 h6 32. Qh4 Qe8
33. Rxg6+ Rxg6 34. fxg6 Rxf3 35. gxf3 Qxg6+ 36. Kf1 Qg5 37. Qg3 Kf6 38. Qg4
Qxg4 39. fxg4 Kg5 40. f3 Kf4 41. Kf2 e4 42. h4 exf3 43. g5 hxg5 44. h5 Kf5
45. Kxf3 g4+ 46. Kg3 Kg5 47. h6 Kxh6 48. Kxg4 Kg6 49. b3 Kf6 50. Kf4 Kg6 51.
Kg4 Kf6 52. Kf4 e6 53. dxe6 Kxe6 54. Ke4 d5+ 55. Kd3 Ke5 56. Ke3 Kf5 57. Kf3
Kg5 58. Kg3 Kf5 59. Kf3 d4 60. Ke2 Ke4 61. Kd2 Kf3 62. Kd3 Kf2 63. Kd2 Kf3
64. Kd3 Kf4 65. Kd2 Ke4 66. Ke2 Ke5 67. Kd2 Kd6 68. Ke2 Kc6 69. Kd3 Kb5 70.
Ke4 a4 71. Kd5 a3 72. Ke4 Kc6 73. Ke5 Kc7 74. Kd5 Kb6 75. Kc4 Kc6 76. Kd3
Kd5 77. Kd2 Kd6 78. Ke2 Ke5 79. Kd2 Ke4 80. Ke2 Ke5 81. Kd2 Kf4 82. Kd3 Kf3
83. Kd2 Kf2 84. Kd1 Ke3 85. Ke1 d3 86. cxd3 Kxd3 87. Kd1 Kc3 88. Kc1 Kd3 89.
Kb1 Kc3 90. Ka1 Kd2 91. Kb1 Ke3 92. Ka1 Ke4 93. Kb1 Kd4 94. Ka1 Kc3 95. Kb1
c4 96. bxc4 Kxc4 {Game drawn by mutual agreement} 1/2-1/2

[Event "ICC tourney 1934 (60 10)"]
[Site "Internet Chess Club"]
[Date "2020.07.26"]
[Round "7"]
[White "geowhiz27"]
[Black "QueenHM"]
[Result "0-1"]
[ICCResult "White checkmated"]
[WhiteElo "1203"]
[BlackElo "1298"]
[Opening "Pirc: Austrian attack"]
[ECO "B09"]
[NIC "PU.06"]
[Time "17:01:08"]
[TimeControl "3600+10"]

1. e4 d6 2. d4 Nf6 3. Nc3 g6 4. f4 Bg7 5. Nf3 O-O 6. Be2 c5 7. e5 dxe5 8.
dxe5 Ng4 9. h3 Nh6 10. O-O Nc6 11. Bd3 Nf5 12. Qe1 Nb4 13. Be4 Nd4 14. Nxd4
cxd4 15. Ne2 d3 16. Bxd3 Nxd3 17. cxd3 Qxd3 18. Rf3 Qb5 19. Nc3 Qb6+ 20. Kh1
Be6 21. b3 Rac8 22. Be3 Qa6 23. Rc1 b6 24. Qf2 Rfd8 25. b4 Qb7 26. a3 Rd3
27. Bd4 Rxf3 28. gxf3 Bxh3 29. Rd1 Be6 30. Ne4 Bd5 31. Re1 Be6 32. Ng3 Bd5
33. Ne4 Qc6 34. Re2 Qc1+ 35. Kh2 Qxf4+ 36. Kg2 Bxe5 37. Bxe5 Qxe5 38. Ng3
Qf6 39. Re3 Rc3 40. Ne4 Bxe4 41. Rxe4 Rxa3 42. Qd2 Qxf3+ 43. Kg1 Qxe4 44.
Qc1 Rg3+ 45. Kf1 Qg2+ 46. Ke1 Qg1+ 47. Kd2 Qxc1+ 48. Kxc1 h5 49. Kd2 h4 50.
Ke2 h3 51. Kf2 Rg5 52. b5 h2 53. Ke3 h1=Q 54. Kf4 Qh4+ 55. Kf3 Rxb5 56. Ke3
a5 57. Kd3 a4 58. Kc3 a3 59. Kd3 a2 60. Ke3 a1=Q 61. Kd3 g5 62. Ke3 g4 63.
Kf4 g3+ 64. Kf3 Qh3 65. Ke2 g2 66. Kd2 g1=Q 67. Kc2 e5 68. Kd2 e4 69. Ke2 f5
70. Kd2 f4 71. Ke2 f3+ 72. Kd2 e3+ 73. Kc2 e2 74. Kd3 e1=Q 75. Kc2 Qe8 76.
Kd3 f2+ 77. Kc2 f1=Q 78. Kd2 Ra5 79. Kc2 b5 80. Kd2 b4 81. Kc2 b3+ 82. Kd2
b2 83. Kc2 b1=Q+ 84. Kd2 Ra2# {White checkmated} 0-1

[Event "ICC tourney 1934 (60 10)"]
[Site "Internet Chess Club"]
[Date "2020.07.26"]
[Round "7"]
[White "chessisthebest1"]
[Black "Almanac2050"]
[Result "1/2-1/2"]
[ICCResult "Game drawn by mutual agreement"]
[WhiteElo "1499"]
[BlackElo "1589"]
[Opening "French: classical, Steinitz variation"]
[ECO "C14"]
[NIC "FR.06"]
[Time "17:00:50"]
[TimeControl "3600+10"]

1. e4 e6 2. d4 d5 3. Nc3 Nf6 4. Bg5 Be7 5. e5 Nfd7 6. Bxe7 Qxe7 7. f4 a6 8.
Nf3 c5 9. Qd2 Nc6 10. O-O-O cxd4 11. Nxd4 Qc5 12. Kb1 Nxd4 13. Qxd4 Qxd4 14.
Rxd4 O-O 15. Be2 b5 16. a4 bxa4 17. Rxa4 Nc5 18. Ra5 Nd7 19. Rd1 Bb7 20. Rd4
Rfb8 21. b3 Kf8 22. Rda4 Nb6 23. Rb4 Nd7 24. g3 Bc8 25. Rba4 Nb6 26. Ra1 Nc4
27. R5a4 Nb6 28. R4a2 d4 29. Ne4 Nd5 30. Ra4 Rb4 31. Bxa6 Rxa4 32. Rxa4 Bxa6
33. Rxd4 Rb8 34. Nc5 Bc8 35. c4 Ne3 36. Re4 Nf5 37. g4 Ne7 38. Rd4 Nc6 39.
Rd6 Na5 40. Kc2 Ke7 41. Kc3 f6 42. b4 Nb7 43. Rb6 fxe5 44. fxe5 Kd8 45.
Nxe6+ Bxe6 46. Rxe6 Ra8 47. Rb6 Kc7 48. c5 Ra3+ 49. Kd4 Ra1 50. e6 Rd1+ 51.
Ke5 Re1+ 52. Kd5 Rd1+ 53. Kc4 Re1 54. b5 Rc1+ 55. Kd4 Rd1+ 56. Ke5 Re1+ 57.
Kf4 Nd8 58. Kf5 Rf1+ 59. Ke5 Re1+ 60. Kd5 Rd1+ 61. Kc4 Re1
{Game drawn by mutual agreement}
1/2-1/2

[Event "ICC tourney 1934 (60 10)"]
[Site "Internet Chess Club"]
[Date "2020.07.26"]
[Round "7"]
[White "minitotoro"]
[Black "KyleZhuang"]
[Result "1-0"]
[ICCResult "Black resigns"]
[WhiteElo "1855"]
[BlackElo "1333"]
[Opening "King's Indian: fianchetto with ...Nd7"]
[ECO "E68"]
[NIC "KI.63"]
[Time "17:00:58"]
[TimeControl "3600+10"]

1. d4 Nf6 2. Nf3 g6 3. g3 Bg7 4. Bg2 d6 5. c4 O-O 6. Nc3 Nbd7 7. O-O c6 8.
e4 e5 9. Re1 Qc7 10. h3 Ne8 11. Be3 f5 12. dxe5 dxe5 13. Ng5 Nb6 14. Qb3 c5
15. exf5 gxf5 16. Nd5 Nxd5 17. Bxd5+ Kh8 18. Qd1 Nf6 19. Be6 Qe7 20. Bd5 h6
21. Nf3 e4 22. Nh4 Kh7 23. Qc2 Nxd5 24. cxd5 b6 25. Rad1 Be5 26. Qd2 f4 27.
d6 Qd7 28. Qd5 fxe3 29. Rxe3 Bd4 30. Qxe4+ Kg8 31. Qxa8 Bxe3 32. Qd5+ Rf7
33. fxe3 Bb7 34. Qe5 Qxh3 35. e4 Rg7 36. Nf5 Rg5 37. Qe8+ Kh7 38. Qf7+ Kh8
39. Qf8+ Kh7 40. Qxh6+ Qxh6 41. Nxh6 Bc6 42. Nf5 Bd7 43. Kf2 Kg6 44. Rd5 Kf6
45. Kf3 Rg8 46. Kf4 Re8 47. Ne7 Be6 48. Rh5 Bd7 49. g4 Kg7 50. Nf5+ Kg8 51.
e5 Be6 52. Rh6 Bd7 53. Rf6 a6 54. g5 b5 55. Nh6+ Kh8 56. g6 Be6 57. Rxe6
{Black resigns}
1-0

[Event "ICC tourney 1934 (60 10)"]
[Site "Internet Chess Club"]
[Date "2020.07.26"]
[Round "7"]
[White "HarleyQueen8"]
[Black "chesslin"]
[Result "1-0"]
[ICCResult "Black resigns"]
[WhiteElo "1553"]
[BlackElo "1745"]
[Opening "King's Indian: Semi-Averbakh system"]
[ECO "E73"]
[NIC "KI.27"]
[Time "17:00:48"]
[TimeControl "3600+10"]

1. d4 g6 2. c4 Bg7 3. e4 d6 4. Nc3 Nf6 5. Be2 O-O 6. Be3 c5 7. d5 e6 8. Nf3
exd5 9. cxd5 a6 10. a4 Bg4 11. O-O Nbd7 12. Bf4 Qc7 13. h3 Bxf3 14. Bxf3
Rfe8 15. Re1 Ne5 16. Rc1 Qd7 17. Be2 Rac8 18. Bg5 Qc7 19. Qd2 Ned7 20. f3
Nh5 21. Be3 Ng3 22. Bf2 Nxe2+ 23. Rxe2 Qd8 24. Bg3 Nf8 25. Qc2 g5 26. Qb3 b6
27. Qc4 Ra8 28. Qb3 Ng6 29. Nd1 Bd4+ 30. Kh1 Nf4 31. Re1 Rb8 32. Bf2 Be5 33.
Qc2 Qd7 34. Bg3 Nxh3 35. Bxe5 Rxe5 36. gxh3 Qxh3+ 37. Qh2 Qxf3+ 38. Qg2 Qh5+
39. Qh2 Qf3+ 40. Qg2 Qxg2+ 41. Kxg2 f5 42. Nf2 Rbe8 43. Kf3 Kg7 44. Re2 h5
45. Rce1 f4 46. Nd3 R5e7 47. Rg2 Kh6 48. Nf2 Rb8 49. Reg1 Rg8 50. Rh2 Rf7
51. Rgh1 h4 52. Rg2 b5 53. axb5 axb5 54. Rxh4+ gxh4 55. Rxg8 Rg7 56. Rxg7
Kxg7 57. Kxf4 c4 58. Kg5 h3 59. Nxh3 b4 60. Nf2 c3 61. bxc3 bxc3 62. Nd3
{Black resigns}
1-0